 Dungeon Crawl Stone Soup version 0.25-a0-403-g49d089a364 (webtiles) character file.

Game seed: 1760995592873647570, levelgen mode: deterministic

10365 Axl the Geomancer (level 11, -2/63 HPs)
             Began as a Gargoyle Earth Elementalist on Jan 9, 2020.
             Was a Believer of Vehumet.
             Slain by an enormous slime creature (53 damage)
             ... on level 10 of the Dungeon.
             The game lasted 00:31:43 (7940 turns).

Axl the Geomancer (Gargoyle Earth Elementalist)     Turns: 7940, Time: 00:31:44

Health: -2/63      AC: 19    Str: 11    XL:     11   Next: 61%
Magic:  15/25      EV: 13    Int: 22    God:    Vehumet [**....]
Gold:   500        SH:  3    Dex: 10    Spells: 22/31 levels left

rFire    + . .     SeeInvis .   x - +3 whip (flame)
rCold    . . .     Gourm    .   (no shield)
rNeg     + . .     Faith    .   y - +1 robe {rF+}
rPois    ∞         Spirit   .   o - +0 helmet
rElec    +         Reflect  +   q - +0 cloak
rCorr    .         Harm     .   z - +0 pair of gloves
MR       .....                  A - +0 pair of boots
Stlth    ++........             D - +3 amulet of reflection
HPRegen  0.60/turn              w - +4 ring of slaying
MPRegen  0.19/turn              n - +4 ring of protection

@: no status effects
A: clever 1, negative energy resistance 1, regeneration 1, robust 1, electricity
resistance, unbreathing, petrification resistance, rot immunity, sturdy frame 1,
AC +8
a: Renounce Religion


You were on level 10 of the Dungeon.
You worshipped Vehumet.
Vehumet was pleased with you.
You were not hungry.

You visited 2 branches of the dungeon, and saw 11 of its levels.

You collected 500 gold pieces.

Inventory:

Hand Weapons
 g - a +0 flail of flaming
 x - a +3 whip of flaming (weapon)
 O - a +0 flail of draining
Missiles
 b - 112 stones (quivered)
 j - a throwing net
Armour
 o - a +0 helmet (worn)
 q - a +0 cloak (worn)
 s - the +3 leather armour of Mental Paralysis {Str+8}
   (You took it off an orc on level 6 of the Dungeon)

   It affects your strength (+8).
 y - a +1 robe of fire resistance (worn)
 z - a +0 pair of gloves (worn)
 A - a +0 pair of boots (worn)
Magical Staves
 B - an uncursed staff of energy
 H - an uncursed staff of cold {unknown}
Jewellery
 l - a +4 ring of intelligence
 n - a +4 ring of protection (right hand)
 w - a +4 ring of slaying (left hand)
 D - a +3 amulet of reflection (around neck)
 G - an uncursed ring of protection from cold
 L - an uncursed amulet of rage
Wands
 r - a wand of flame (21)
 t - a wand of polymorph (12)
 E - a wand of clouds (2)
 K - a wand of random effects (20)
Scrolls
 c - 3 scrolls of identify
 i - 5 scrolls of teleportation
 u - a scroll of fog
 F - a scroll of magic mapping {unknown}
 M - 2 scrolls of amnesia
 P - a scroll of blinking
Potions
 a - 4 potions of curing
 e - a potion of ambrosia
 f - a potion of magic
 h - a potion of might
 k - a potion of heal wounds
 p - 6 potions of lignification
 v - 2 potions of flight
 C - a potion of agility
 J - a potion of experience {unknown}
Comestibles
 d - 21 rations
 m - 4 chunks of flesh


   Skills:
 + Level 2.5 Fighting
 + Level 3.8 Maces & Flails
 + Level 0.6 Armour
 + Level 4.0 Dodging
 - Level 2.1 Stealth
 + Level 10.9 Spellcasting
 + Level 2.7 Conjurations
   Level 0.7 Transmutations
 + Level 13.2 Earth Magic
 + Level 2.6 Evocations


You had 22 spell levels left.
You knew the following spells:

 Your Spells              Type           Power        Failure   Level  Hunger
a - Sandblast             Erth           ######       1%          1    None
b - Stone Arrow           Conj/Erth      #####.       1%          3    None
c - Lee's Rapid Deconstr  Erth           ######....   1%          5    ####...

Your spell library contained the following spells:

 Spells                   Type           Power        Failure   Level  Hunger
 Magic Dart               Conj           ###.         1%          1    None
 Passwall                 Tmut/Erth      #####...     1%          2    None
 Petrify                  Tmut/Erth      #####...     3%          4    #......
 Beastly Appendage        Tmut           ###...       4%          1    None
 Animate Skeleton         Necr           N/A          5%          1    None
 Apportation              Tloc           ##....       5%          1    None
 Corona                   Hex            ##.....      5%          1    None
 Pain                     Necr           ##..         5%          1    None
 Summon Small Mammal      Summ           ##..         5%          1    None
 Sticks to Snakes         Tmut           ###.....     6%          2    None
 Spider Form              Tmut/Pois      ##........   14%         3    None
 Vampiric Draining        Necr           ##........   17%         3    None
 Ice Form                 Ice/Tmut       ##......     43%         4    #......
 Animate Dead             Necr           N/A          50%         4    #......
 Blade Hands              Tmut           ###.......   75%         5    ####...
 Agony                    Necr           ##......     83%         5    ####...


Dungeon Overview and Level Annotations

Branches:
Dungeon (10/15)            Temple (1/1) D:4            Lair (0/6) D:9
    Orc: D:9-12

Altars:
Ashenzari
Cheibriados
Dithmenos
Elyvilon
Fedhas
Gozag
Hepliaklqana
Kikubaaqudgha
Makhleb
Nemelex Xobeh
Okawaru
Qazlal
Ru
Sif Muna
Trog
Uskayaw
Vehumet
Wu Jian
Xom
Yredelemnul
Zin
The Shining One

Shops:
D:9 (

Annotations:
D:7 Joseph


Innate Abilities, Weirdness & Mutations

You are resistant to torment.
Your stone body is resilient. (AC +8)
You are immune to poison.
You resist negative energy. (rN+)
You are resistant to electric shocks. (rElec)
You can survive without breathing.
You are immune to petrification.
You are immune to rotting.
Your mind is acute. (Int +2)
Your natural rate of healing is unusually fast.
You are robust. (+10% HP)
Your movements are slightly less encumbered by armour. (ER -2)


Message History

Casting: Sandblast (safe; 1% risk of failure)
Confirm with . or Enter, or press ? or * to list all spells.
Aiming: Sandblast (safe; 1% risk of failure)
Press: ? - help, Shift-Dir - straight line, f/p - enormous slime creature
Aim: an enormous slime creature (lightly wounded)
The blast of sand hits the enormous slime creature!
The enormous slime creature is moderately wounded.
b - 113 stones
Casting: Sandblast (safe; 1% risk of failure)
Confirm with . or Enter, or press ? or * to list all spells.
Aiming: Sandblast (safe; 1% risk of failure)
Press: ? - help, Shift-Dir - straight line, f/p - enormous slime creature
Aim: an enormous slime creature (moderately wounded)
The blast of sand hits the enormous slime creature!!
The enormous slime creature is moderately wounded.
b - 112 stones You see here a killer bee corpse.
The enormous slime creature hits you!!!
Ouch! That really hurt!
You die...

. #####... ..
##...#.## ...
......( ....
#...#.#
.$...###...#.#
....$........#
########..<..#
#.J†.†.......#
#@######...#.#
#.# #.#.#...
#.# #....J....
#.#
......#.####
#.# #..##..#.#
#.# #.. ...# .
#.# #.. ...#
.. ... ###..
..


You could see an enormous slime creature.

Vanquished Creatures
  8 death yaks (D:9)
  Pikel (D:5)
  A hornet (D:9)
  2 slime creatures (D:10)
  2 hippogriffs
  Sigmund (D:3)
  A yak (D:7)
  2 wyverns
  A human (D:7)
  3 hogs (D:7)
  2 sky beasts
  2 ice beasts (D:9)
  A slave (D:5)
  A phantom (D:8)
  4 ogres
  A tengu (D:6)
  3 centaurs
  Blork the orc (D:5)
  2 bullfrogs
  A water moccasin skeleton (D:9)
  A scorpion (D:8)
  15 killer bees
  A crimson imp (D:8)
  A bullfrog zombie (D:5)
  A hound (D:6)
  2 jellies
  A bullfrog skeleton (D:9)
  2 orc priests (D:7)
  4 orc wizards
  A centaur skeleton (D:4)
  Jessica (D:3)
  Ijyb (D:3)
  6 iguanas
  8 worker ants
  Terence (D:2)
  A hound zombie (D:7)
  6 gnolls
  11 adders
  A shadow imp (D:8)
  3 oozes
  An adder zombie (D:9)
  3 worms
  2 dart slugs (D:1)
  2 leopard geckos
  32 orcs
  12 bats
  3 giant cockroaches
  5 goblins
  4 hobgoblins
  A jackal (D:1)
  4 quokkas
  6 frilled lizards
  7 kobolds
  A leopard gecko skeleton (D:7)
  12 rats
203 creatures vanquished.

Vanquished Creatures (others)
  A frilled lizard (D:5)
1 creature vanquished.

Grand Total: 204 creatures vanquished

Notes
Turn   | Place    | Note
-------+----------+-------------------------------------------
     0 | D:1      | Axl the Gargoyle Earth Elementalist began the quest for the
                  | Orb.
     0 | D:1      | Reached XP level 1. HP: 10/10 MP: 3/3
    66 | D:1      | Reached skill level 4 in Earth Magic
    66 | D:1      | Reached XP level 2. HP: 15/15 MP: 0/5
   515 | D:1      | Reached XP level 3. HP: 12/19 MP: 2/6
   817 | D:1      | Learned a level 3 spell: Stone Arrow
   955 | D:2      | Reached skill level 5 in Earth Magic
   993 | D:2      | Reached XP level 4. HP: 24/24 MP: 5/8
  1692 | D:2      | Noticed Terence
  1694 | D:2      | Killed Terence
  1694 | D:2      | Reached XP level 5. HP: 28/28 MP: 4/10
  1833 | D:3      | Learned a level 5 spell: Lee's Rapid Deconstruction
  2006 | D:3      | Found a burning altar of Makhleb.
  2053 | D:3      | Noticed Sigmund
  2073 | D:3      | Killed Sigmund
  2073 | D:3      | Reached skill level 6 in Earth Magic
  2073 | D:3      | Reached XP level 6. HP: 32/32 MP: 1/12
  2350 | D:3      | Found a shattered altar of Ashenzari.
  2439 | D:3      | Noticed Ijyb
  2446 | D:3      | Killed Ijyb
  2446 | D:3      | Reached skill level 1 in Conjurations
  2552 | D:3      | Noticed Jessica
  2563 | D:3      | Killed Jessica
  2771 | D:4      | Found a staircase to the Ecumenical Temple.
  2780 | Temple   | Entered the Ecumenical Temple
  2999 | D:4      | Reached XP level 7. HP: 33/36 MP: 14/14
  3064 | D:4      | Found a sacrificial altar of Ru.
  3087 | D:4      | Reached skill level 5 in Spellcasting
  3087 | D:4      | Reached skill level 7 in Earth Magic
  3570 | D:5      | Entered Level 5 of the Dungeon
  3633 | D:5      | Reached skill level 8 in Earth Magic
  3633 | D:5      | Reached XP level 8. HP: 42/42 MP: 2/16
  3635 | D:5      | Reached skill level 1 in Fighting
  3924 | D:5      | Noticed Pikel
  3960 | D:5      | Killed Pikel
  3960 | D:5      | Reached skill level 9 in Earth Magic
  4043 | D:5      | Found a blossoming altar of Fedhas.
  4159 | D:5      | Got a fine helmet
  4173 | D:5      | Identified the +1 helmet "Qaal" {-Cast rC+++ rCorr Int-5
                  | Dex+2} (You found it on level 5 of the Dungeon)
  4230 | D:5      | Noticed Blork the orc
  4235 | D:5      | Killed Blork the orc
  4441 | D:5      | Gained mutation: Your movements are slightly less
                  | encumbered by armour. (ER -2) [potion of mutation]
  4441 | D:5      | Gained mutation: You are robust. (+10% HP) [potion of
                  | mutation]
  4441 | D:5      | Gained mutation: Your natural rate of healing is unusually
                  | fast. [potion of mutation]
  4441 | D:5      | Gained mutation: Your mind is acute. (Int +2) [potion of
                  | mutation]
  4521 | D:6      | Reached XP level 9. HP: 51/51 MP: 17/19
  4589 | D:6      | Identified the +3 leather armour of Mental Paralysis
                  | {Str+8}
  4654 | D:6      | Reached skill level 1 in Maces & Flails
  4708 | D:6      | Found a shadowy altar of Dithmenos.
  5007 | D:6      | Found a basalt altar of Yredelemnul.
  5026 | D:6      | Reached skill level 10 in Earth Magic
  5507 | D:7      | Found a radiant altar of Vehumet.
  5524 | D:7      | Became a worshipper of Vehumet
  5668 | D:7      | Found a shadowy altar of Dithmenos.
  5732 | D:7      | Noticed Joseph
  6001 | D:7      | Reached * piety under Vehumet
  6001 | D:7      | Offered knowledge of Foxfire by Vehumet.
  6090 | D:8      | Reached XP level 10. HP: 51/58 MP: 16/22
  6090 | D:8      | Reached skill level 11 in Earth Magic
  6390 | D:8      | Found a snail-covered altar of Cheibriados.
  6765 | D:9      | Offered knowledge of Magic Dart by Vehumet.
  6778 | D:9      | Found Gaat's Weapon Shop.
  6782 | D:9      | Reached ** piety under Vehumet
  7072 | D:9      | Noticed a death yak
  7073 | D:9      | Noticed a death yak
  7095 | D:9      | Killed a death yak
  7095 | D:9      | Reached skill level 1 in Evocations
  7097 | D:9      | Killed a death yak
  7097 | D:9      | Reached skill level 12 in Earth Magic
  7232 | D:9      | Noticed a death yak
  7233 | D:9      | Noticed a death yak
  7234 | D:9      | Found a staircase to the Lair.
  7234 | D:9      | Noticed a death yak
  7234 | D:9      | Noticed a death yak
  7235 | D:9      | Noticed a death yak
  7251 | D:9      | Noticed a death yak
  7251 | D:9      | Killed a death yak
  7251 | D:9      | Reached skill level 10 in Spellcasting
  7251 | D:9      | Reached XP level 11. HP: 38/62 MP: 19/25
  7254 | D:9      | Killed a death yak
  7255 | D:9      | Killed a death yak
  7258 | D:9      | Killed a death yak
  7264 | D:9      | Killed a death yak
  7264 | D:9      | Reached skill level 13 in Earth Magic
  7268 | D:9      | Killed a death yak
  7603 | D:9      | Found a glowing silver altar of Zin.
  7869 | D:10     | Entered Level 10 of the Dungeon
  7940 | D:10     | Slain by an enormous slime creature

Levels and vault maps discovered:
D:1:      elethiomel_arrival_fortress_basement, layout_rooms,
          minmay_misc_feat_iff
D:2:      layout_rooms, grunt_decor_arrowhead, grunt_decor_one_mirror,
          minmay_misc_feat_enclosed, uniq_terence
D:3:      layout_loops_cross, lemuel_round_altar, lemuel_crystal_altar,
          uniq_jessica, uniq_sigmund, uniq_ijyb
D:4:      layout_rooms, nicolae_ru_the_path_less_chosen,
          minmay_temple_entry_trees
D:5:      layout_rooms, first_ration, minmay_misc_feat_nine_boxes,
          fedhas_ov_isle_minmay, uniq_blork_the_orc, uniq_pikel
D:6:      layout_gridville, yredelemnul_altar_generic, chequers_jeans,
          grunt_dithmenos_smoke_and_mirrors
D:7:      layout_rooms, lemuel_coloured_pillars_altar, old_standard_altar,
          grunt_livestock, minivault_25, uniq_joseph
D:8:      layout_loops_ring, kennysheep_little_box
D:9:      layout_loops_corners, nicolae_overflow_hidden_temple,
          dpeg_lair_monsters, serial_shops, nicolae_shop_statue_plus
D:10:     layout_rooms
Temple:   dpeg_chambers_temple

Skill      XL: |  1  2  3  4  5  6  7  8  9 10 11 |
---------------+----------------------------------+-----
Earth Magic    | 4 5 6 8 9 10 12 13 | 13.2
Spellcasting   | 3 4 5 7 8 10 | 10.9
Conjurations   | 1 2 |  2.7
Dodging        | 2 3 4 |  4.0
Fighting       | 1 2 |  2.5
Maces & Flails | 3 |  3.8
Evocations     | 1 2 |  2.6
Armour         | |  0.6
Stealth        | |  2.1
Transmutations | |  0.7

Action                   |  1- 3 |  4- 6 |  7- 9 | 10-12 || total
-------------------------+-------+-------+-------+-------++-------
Melee: Unarmed           |    33 |     3 |       |       ||    36
       Dagger            |    50 |   131 |    65 |       ||   246
       Whip              |       |       |   122 |    76 ||   198
 Cast: Sandblast         |    20 |    24 |    50 |    74 ||   168
       Stone Arrow       |       |     8 |     9 |     8 ||    25
       Lee's Rapid Decon |       |       |    11 |     5 ||    16
Evoke: Wand              |       |       |     6 |    10 ||    16
  Use: Scroll            |       |    12 |     8 |     2 ||    22
       Potion            |       |     1 |     3 |       ||     4
 Stab: Sleeping          |     2 |     2 |     1 |     1 ||     6
  Eat: Chunk             |     1 |     6 |    13 |     5 ||    25
       Ration            |       |       |       |     1 ||     1
Armor: Robe              |    33 |    81 |    97 |    47 ||   258
Dodge: Dodged            |    71 |   104 |   132 |    64 ||   371
Block: Other             |       |       |     3 |    19 ||    22
       Reflection        |       |       |     1 |       ||     1

Table legend:
 A = Non-vault XP
 B = Vault XP
 C = Vault XP percentage of total XP
 D = Non-vault monster count
 E = Vault monster count
 F = Vault count percentage of total count
                 A         B        C        D         E       F
            +---------+---------+-------+---------+---------+-------
      Total |    6118 |    8690 |  58.7 |     182 |      20 |   9.9
            +---------+---------+-------+---------+---------+-------
        D:1 |      39 |       2 |   4.9 |      20 |       1 |   4.8
        D:2 |     105 |      32 |  23.4 |      21 |       1 |   4.5
        D:3 |     126 |     311 |  71.2 |      24 |       3 |  11.1
        D:4 |     357 |       0 |   0.0 |      15 |       0 |   0.0
        D:5 |     613 |     735 |  54.5 |      15 |       2 |  11.8
        D:6 |     861 |       0 |   0.0 |      25 |       0 |   0.0
        D:7 |     382 |     988 |  72.1 |      18 |       5 |  21.7
        D:8 |    1263 |       0 |   0.0 |      17 |       0 |   0.0
        D:9 |    1586 |    6622 |  80.7 |      20 |       8 |  28.6
       D:10 |     786 |       0 |   0.0 |       7 |       0 |   0.0
            +---------+---------+-------+---------+---------+-------
